 Dungeon Crawl Stone Soup version 0.29.1-15-g9cfb28693d (webtiles) character file.

Game seed: 16383936425181532284

15857 H0rd4k the Cruncher (level 12, -3/94 HPs)
             Began as a Human Artificer on May 3, 2023.
             Was an Initiate of Gozag.
             Slain by a bog body (14 damage)
             ... on level 3 of the Lair of Beasts.
             The game lasted 00:27:22 (17377 turns).

H0rd4k the Cruncher (Human Artificer)              Turns: 17377, Time: 00:27:23

Health: -3/94      AC: 11    Str: 12    XL:     12   Next: 62%
Magic:  29/29      EV: 15    Int: 28    God:    Gozag
Gold:   1813       SH:  5    Dex: 15    Spells: 22/25 levels left

rFire   . . .      SeeInvis .   q - +6 Majin-Bo {vamp, MP+6 Int+6}
rCold   + . .      Faith    .   (shield currently unavailable)
rNeg    . . .      Spirit   .   G - +3 leather armour {rPois}
rPois   +          Reflect  +   (no helmet)
rElec   .          Harm     .   o - +0 cloak
rCorr   .          Rampage  .   x - +0 pair of gloves
Will    .....                   u - +2 pair of boots
Stlth   +++.......              M - amulet of reflection
HPRegen 0.25/turn               T - +6 ring of intelligence
MPRegen 0.21/turn               (no ring)

@: slowed, studying Fighting, very slow
A: claws 1, cold resistance 1
a: Renounce Religion, Potion Petition, Call Merchant, Bribe Branch


You were on level 3 of the Lair of Beasts.
You worshipped Gozag.
Gozag was most pleased with you.
You visited 3 branches of the dungeon, and saw 15 of its levels.

You collected 2331 gold pieces.
You paid 518 gold pieces to Gozag.

Inventory:

Hand Weapons
 h - a +2 dagger of draining
 q - the +6 Majin-Bo (weapon) {vamp, MP+6 Int+6}
   (You acquired it on level 8 of the Dungeon)

   It heals its wielder for a portion of the damage dealt when they wound a
   living foe with it or with a spell.
   Its wielder's spells cost health as well as magical power.
   Int:       It affects your intelligence (+6).
   MP:        It affects your magic capacity (+6).
 O - a +5 sling
Missiles
 w - a throwing net
 F - 41 poisoned darts
Armour
 o - a +0 cloak (worn)
 u - a +2 pair of boots (worn)
 x - a +0 pair of gloves (worn)
 G - a +3 leather armour of poison resistance (worn)
Magical Staves
 f - a staff of fire
 v - a staff of poison
 U - a staff of conjuration
Jewellery
 M - an amulet of reflection (around neck)
 P - an amulet of magic regeneration
 T - a +6 ring of intelligence (left hand)
Wands
 c - a wand of flame (14) (quivered)
 d - a wand of charming (14)
 l - a wand of roots (4)
 S - a wand of light (3)
Scrolls
 a - 4 scrolls of enchant weapon {unknown}
 b - 2 scrolls of poison {unknown}
 i - a scroll of immolation {unknown}
 j - 4 scrolls of vulnerability
 k - a scroll of torment {unknown}
 m - a scroll of magic mapping
 n - 2 scrolls of blinking
 p - 6 scrolls of teleportation
 y - 2 scrolls of butterflies
 z - 3 scrolls of fear
 B - a scroll of summoning {unknown}
 C - 5 scrolls of amnesia
 H - 5 scrolls of identify
 K - a scroll of noise {unknown}
Potions
 e - 3 potions of mutation
 g - 2 potions of degeneration {unknown}
 r - a potion of might
 s - 3 potions of berserk rage
 t - a potion of haste {unknown}
 A - a potion of attraction {unknown}
 D - 3 potions of magic
 E - 2 potions of resistance {unknown}
 I - 2 potions of brilliance {unknown}
 J - 4 potions of curing {unknown}
 L - 5 potions of lignification {unknown}
 N - a potion of flight {unknown}
 Q - a potion of cancellation {unknown}
 R - a potion of heal wounds
 V - a potion of invisibility {unknown}


   Skills:
 + Level 8.8 Fighting
 - Level 7.3 Short Blades
 + Level 9.8 Staves
 + Level 3.2 Armour
 + Level 8.1 Dodging
 + Level 5.3 Stealth
 - Level 1.5 Shields
 * Level 7.4 Spellcasting
 * Level 3.9 Ice Magic
 - Level 4.0 Evocations


You had 22 spell levels left.
You knew the following spells:

 Your Spells              Type           Power      Damage    Failure   Level
a - Ozocubu's Armour      Ice            32%        N/A       4%          3

Your spell library contained the following spells:

 Spells                   Type           Power      Damage    Failure   Level
 Ensorcelled Hibernation  Hex/Ice        42%        N/A       4%          2
 Dazzling Flash           Conj/Hex       20%        N/A       21%         3
 Gell's Gravitas          Tloc           10%        N/A       21%         3
 Lesser Beckoning         Tloc           10%        N/A       21%         3
 Spider Form              Tmut/Pois      10%        N/A       21%         3
 Teleport Other           Tloc           10%        N/A       21%         3
 Anguish                  Hex/Necr       5%         N/A       54%         4
 Iskenderun's Mystic Bla  Conj/Tloc      10%        2d4       54%         4
 Leda's Liquefaction      Hex/Erth       5%         N/A       54%         4
 Metabolic Englaciation   Hex/Ice        10%        N/A       63%         5
 Borgnjor's Vile Clutch   Necr/Erth      5%         N/A       88%         5
 Lee's Rapid Deconstruct  Erth           5%         3d7*      88%         5
 Death Channel            Necr           5%         N/A       100%        6
 Starburst                Conj/Fire      5%         6d4       100%        6
 Statue Form              Tmut/Erth      6%         N/A       100%        6
 Animate Dead             Necr           Unusable   N/A       N/A         4
 Simulacrum               Ice/Necr       Unusable   N/A       N/A         6

Dungeon Overview and Level Annotations

Branches:
Dungeon (10/15)            Temple (1/1) D:4            Lair (4/5) D:9
  Swamp (0/4) Lair:3        Snake (0/4) Lair:2          Orc (0/2) D:10
  Slime: Lair:4-5

Altars:
Cheibriados
Dithmenos
Elyvilon
Fedhas
Gozag
Hepliaklqana
Kikubaaqudgha
Makhleb
Nemelex Xobeh
Okawaru
Qazlal
Sif Muna
Trog
Uskayaw
Xom
Yredelemnul
Zin
The Shining One

Shops:
D:9 (

Annotations:
D:6 3 runed translucent doors, exclusion: 3 doors, Quickbrownfox's ghost, novice DsIE
D:9 3 runed translucent doors, exclusions: 3 doors and vampire mosquito, Voldus's ghost, novice HOGl
D:10 1 exclusion
Temple 2 transporters
Lair:1 exclusions: downstairs and hydra
Lair:3 exclusions: 2 hydras and upstairs


Innate Abilities, Weirdness & Mutations

You have sharp fingernails.
Your flesh is cold resistant. (rC+)


Message History

You barely miss the swamp worm. You block the swamp worm's attack.
You thump the swamp worm!
The swamp worm is moderately wounded.
The swamp worm bites you but does no damage.
You hit the swamp worm but do no damage.
The swamp worm is moderately wounded.
The swamp worm bites you!
You sock the swamp worm!
The swamp worm is severely wounded.
The swamp worm bites you!
You thump the swamp worm!
You feel better.
You kill the swamp worm!
An electric eel comes into view.
You see here 3 gold pieces.
An electric eel is nearby!
A bog body comes into view.
Found a staircase to the Swamp.
The bog body points at you and mumbles some strange words.
You feel yourself slow down.
You barely miss the bog body.
The electric eel shoots out a bolt of lightning at you!
The bolt of electricity hits you.
The bog body gestures at you while chanting.
The bolt of cold hits you! You resist.
You sock the bog body!
The bog body is moderately damaged.
The bog body touches you but does no damage.
The electric eel shoots out a bolt of lightning at you!
The bolt of electricity hits you.
You closely miss the bog body.
The bog body is moderately damaged.
The bog body touches you. The bog body freezes you. You resist.
* * * LOW HITPOINT WARNING * * *
The electric eel shoots out a bolt of lightning at you!
The bolt of electricity hits you!
* * * LOW HITPOINT WARNING * * *
The electric eel shoots out a bolt of lightning at you!
The bolt of electricity misses you. The bog body touches you!
You die...
Your body crumbles into a pile of gold.

.................................
.#...........................#...
#.......##.......................
........♣###.....................
......... ♣♣♣♣♣♣................
....♣♣♣♣♣♣♣♣♣♣♣♣♣♣♣♣♣♣...........
..♣♣♣~≈~≈~~~~~≈♣♣§§~♣♣#####......
.⌠.......♣..$..♣§n§§♣ ##P........
.⌠.....♣...♣.♣..@.§S♣♣#.P...##...
..♣♣♣~~~♣~♣~≈~≈~♣§≈~♣♣......#....
....♣♣♣♣♣♣♣♣♣♣♣♣♣♣♣♣♣#♣#.........
###....).♣ ####......... #
######## ##.#.......... #
###.........##.. #
#........P...##. #
##...........###. ##............#
#P


You could see a bog body and an electric eel.

Vanquished Creatures
  5 death yaks
  A bog body (Lair:3)
  Pikel (D:6)
  Joseph (D:8)
  5 cane toads
  6 komodo dragons
  A troll (D:10)
  2 hornets (D:9)
  A polar bear (Lair:3)
  3 blink frogs (Lair:2)
  2 wyverns
  4 yaks (Lair:1)
  3 steam dragons
  3 nagas (Lair:2)
  A swamp worm (Lair:3)
  4 water moccasins
  Pargi (D:3)
  An ice beast (D:7)
  3 orc warriors
  2 black bears
  3 sky beasts (D:7)
  A centaur (D:10)
  2 ogres (D:6)
  17 wolves
  A lemure (D:6)
  A kobold brigand (D:9)
  6 bullfrogs
  3 necrophages
  3 scorpions
  4 wights (D:9)
  7 killer bees (D:9)
  3 howler monkeys
  An electric eel (Lair:2)
  A jelly (D:4)
  8 orc priests
  4 hounds
  8 orc wizards
  Ijyb (D:3)
  2 iguanas (D:5)
  5 gnolls
  6 adders
  2 white imps
  2 ufetubi
  2 worms (D:2)
  2 dart slugs (D:1)
  44 orcs
  4 bats
  4 endoplasms (D:2)
  3 giant cockroaches
  13 goblins
  3 hobgoblins
  6 jackals
  14 kobolds
  7 quokkas
  5 ball pythons
  3 frilled lizards
  6 rats
257 creatures vanquished.

Vanquished Creatures (collateral kills)
  A kobold brigand (D:8)
  4 howler monkeys
  2 orc priests
  An orc wizard (D:7)
  A gnoll (D:2)
  7 orcs
  2 kobolds (D:8)
18 creatures vanquished.

Vanquished Creatures (others)
  A hornet (D:8)
  An orc warrior (D:7)
  A bullfrog (D:6)
  A gnoll (D:2)
  16 fungi
  37 plants
57 creatures vanquished.

Grand Total: 332 creatures vanquished

Notes
Turn   | Place    | Note
-------+----------+-------------------------------------------
     0 | D:1      | H0rd4k the Human Artificer began the quest for the Orb.
     0 | D:1      | Reached XP level 1. HP: 15/15 MP: 1/1
   227 | D:1      | Reached XP level 2. HP: 3/20 MP: 2/2
   682 | D:1      | Reached XP level 3. HP: 25/26 MP: 3/3
   804 | D:1      | Found a faded altar of an unknown god.
  1446 | D:2      | Reached XP level 4. HP: 33/33 MP: 4/4
  1963 | D:2      | Reached skill level 1 in Short Blades
  2366 | D:2      | Reached XP level 5. HP: 38/38 MP: 5/5
  2618 | D:3      | Noticed Ijyb
  2621 | D:3      | Killed Ijyb
  3257 | D:3      | Noticed Pargi
  3298 | D:3      | Killed Pargi
  3299 | D:3      | Reached skill level 1 in Spellcasting
  3299 | D:3      | Reached XP level 6. HP: 30/45 MP: 5/7
  3887 | D:4      | Found a staircase to the Ecumenical Temple.
  3950 | Temple   | Entered the Ecumenical Temple
  3950 | Temple   | Found a transporter.
  3950 | Temple   | Found a transporter.
  3952 | Temple   | Found a transporter.
  3952 | Temple   | Found a transporter.
  3966 | Temple   | Became a worshipper of Gozag Ym Sagoz the Greedy
  4255 | D:5      | Entered Level 5 of the Dungeon
  4333 | D:5      | Reached XP level 7. HP: 43/51 MP: 9/9
  5366 | D:6      | Reached XP level 8. HP: 58/58 MP: 11/11
  5387 | D:6      | Noticed Pikel
  5601 | D:6      | Killed Pikel
  5747 | D:6      | Found a runed translucent gate.
  5767 | D:6      | Noticed Quickbrownfox's ghost (novice DsIE)
  5772 | D:6      | Reached skill level 5 in Dodging
  5872 | D:6      | Found a runed translucent gate.
  5872 | D:6      | Found a runed translucent gate.
  5890 | D:6      | Reached skill level 5 in Short Blades
  5890 | D:6      | Reached XP level 9. HP: 65/65 MP: 14/14
  7520 | D:8      | Reached skill level 5 in Fighting
  7662 | D:8      | Noticed a hornet
  7881 | D:8      | Reached XP level 10. HP: 61/74 MP: 17/17
  7998 | D:8      | Noticed Joseph
  8021 | D:8      | Killed Joseph
  8022 | D:8      | Reached skill level 5 in Spellcasting
  8598 | D:8      | Identified the +5 halberd of the Endless Expanse {freeze,
                  | *Slow rElec rN+ Int+8}
  8907 | D:8      | Identified 2 scrolls of acquirement
  8907 | D:8      | Acquired the +6 Majin-Bo {vamp, MP+6 Int+6}
  8907 | D:8      | Found the +6 Majin-Bo {vamp, MP+6 Int+6}
  8920 | D:8      | Acquired a manual of Fighting
  9104 | D:9      | Found a runed translucent gate.
  9104 | D:9      | Found a runed translucent gate.
  9104 | D:9      | Found a runed translucent gate.
  9143 | D:9      | Found a staircase to the Lair.
  9153 | D:9      | Noticed Voldus's ghost (novice HOGl)
  9219 | D:9      | Reached skill level 1 in Staves
  9255 | D:9      | Gained mutation: Your flesh is cold resistant. (rC+)
                  | [potion of mutation]
  9255 | D:9      | Gained mutation: You have sharp fingernails. [potion of
                  | mutation]
  9723 | D:9      | Paralysed by a hornet for 3 turns
  9729 | D:9      | Reached skill level 2 in Staves
 10186 | D:9      | Reached skill level 3 in Staves
 10842 | D:10     | Entered Level 10 of the Dungeon
 10849 | D:10     | Reached skill level 4 in Staves
 11356 | D:10     | Found a staircase to the Orcish Mines.
 11364 | D:10     | Reached skill level 5 in Stealth
 11489 | D:10     | Reached XP level 11. HP: 46/81 MP: 19/19
 11679 | D:10     | Reached skill level 5 in Staves
 11957 | Lair:1   | Entered Level 1 of the Lair of Beasts
 12000 | Lair:1   | Noticed a four-headed hydra
 12458 | Lair:1   | Reached skill level 6 in Staves
 12787 | Lair:1   | Reached skill level 7 in Staves
 12975 | Lair:1   | Learned a level 3 spell: Ozocubu's Armour
 13024 | Lair:2   | You fall into a shaft and drop 2 floors!
 13057 | Lair:3   | Noticed a seven-headed hydra
 13129 | Lair:2   | Noticed a death yak
 13129 | Lair:2   | Noticed a death yak
 13133 | Lair:2   | Noticed a death yak
 13134 | Lair:2   | Noticed a death yak
 13136 | Lair:2   | Noticed a death yak
 13441 | Lair:2   | Reached skill level 1 in Shields
 13699 | Lair:2   | Reached skill level 1 in Ice Magic
 13707 | Lair:2   | Reached skill level 8 in Staves
 13852 | Lair:2   | Found a staircase to the Snake Pit.
 14341 | Lair:1   | Killed a death yak
 14765 | Lair:2   | Reached XP level 12. HP: 74/92 MP: 22/22
 14946 | Lair:1   | Killed a death yak
 15139 | Lair:2   | Reached skill level 9 in Staves
 15300 | Lair:2   | Noticed a seven-headed hydra
 15389 | Lair:1   | Killed a death yak
 15729 | Lair:1   | HP: 4/92 [death yak (22)]
 15736 | Lair:1   | Killed a death yak
 16127 | Lair:2   | Killed a death yak
 16601 | Lair:3   | Noticed a seven-headed hydra
 17373 | Lair:3   | Found a staircase to the Swamp.
 17377 | Lair:3   | Slain by a bog body

Illustrated notes

Levels and vault maps discovered:
D:1:      saegor_arrival_simple_e, layout_rooms,
          shapermc_ecumenical_altar_mp_highgroup, minmay_statues_item
D:2:      layout_basic, grunt_ministairs_12, minmay_pentomino_pile
D:3:      layout_basic, uniq_pargi, uniq_ijyb
D:4:      layout_rooms, temple_hall
D:5:      layout_basic
D:6:      layout_basic, gammafunk_ghost_icy, uniq_pikel
D:7:      layout_basic
D:8:      layout_gridville, uniq_joseph
D:9:      layout_irregular_city, minitemple, lair_entry_dummy,
          ebering_ghost_rock_garden
D:10:     layout_irregular_city, hiddenorc2_lemuel, kennysheep_cluttered_room,
          roderic_roman_lattice
Temple:   hellmonk_temple_divided_pantheon
Lair:1:   layout_regular_city, lemuel_fruit_tree
Lair:2:   layout_concentric_octagons, guppyfry_snake_entry_garden,
          infiniplex_staircase_pool, serial_bayou_shore_b
Lair:3:   layout_hall_layers, nicolae_swamp_entry_splash_gauntlet,
          uniq_gastronok
Lair:4:   layout_cave_pods, nicolae_slime_entry_slimehenge, basic_altar,
          grunt_forest_small_clearing_treed

Skill      XL: |  1  2  3  4  5  6  7  8  9 10 11 12 |
---------------+-------------------------------------+-----
Dodging        | 2 3 4 5 6 7 8 |  8.1
Evocations     | 4 |  4.0
Short Blades   | 1 2 3 5 6 7 |  7.3
Fighting       | 2 3 4 5 6 7 8 |  8.8
Stealth        | 2 3 4 5 |  5.3
Spellcasting   | 1 2 3 4 5 6 7 |  7.4
Staves         | 4 8 9 |  9.8
Shields        | 1 |  1.5
Ice Magic      | 2 3 |  3.9
Armour         | 3 |  3.2

Action                   |  1- 3 |  4- 6 |  7- 9 | 10-12 || total
-------------------------+-------+-------+-------+-------++-------
Melee: Club              |    23 |       |       |       ||    23
       Dagger            |    63 |   175 |   357 |    69 ||   664
       Punch             |     2 |       |     8 |       ||    10
       Quarterstaff      |       |       |       |   691 ||   691
 Cast: Ozocubu's Armour  |       |       |       |    17 ||    17
Invok: Call Merchant     |       |       |       |     1 ||     1
Evoke: Wand              |     5 |     3 |    32 |    16 ||    56
  Use: Scroll            |       |       |     4 |     8 ||    12
       Potion            |       |       |       |     6 ||     6
 Stab: Sleeping          |       |     6 |     2 |     5 ||    13
       Paralysed         |       |       |     1 |       ||     1
       Distracted        |       |       |       |     2 ||     2
       Invisible         |       |       |       |     3 ||     3
Armor: Leather armour    |    28 |    70 |   112 |   206 ||   416
Dodge: Dodged            |    65 |   115 |   182 |   476 ||   838
Block: Other             |       |       |       |   109 ||   109
       Reflection        |       |       |       |     1 ||     1
